 Dungeon Crawl Stone Soup version 0.30-a0-782-ge64f9170bb (webtiles) character file.

Game seed: 11032565575232539727

247 Barriton the Firebug (level 5, -2/39 HPs)
             Began as a Draconian Fire Elementalist on Feb 28, 2023.
             Slain by an orc wizard
             ... wielding a +0 dagger of electrocution
              (13 damage)
             ... on level 3 of the Dungeon.
             The game lasted 00:06:01 (3584 turns).

Barriton the Firebug (Draconian Fire Elementalist)  Turns: 3584, Time: 00:06:01

Health: -2/39      AC:  5    Str: 10    XL:     5   Next: 85%
Magic:  1/10       EV: 12    Int: 21    God:
Gold:   145        SH:  0    Dex: 11    Spells: 8/11 levels left

rFire   . . .      SeeInvis .    k - +3 morningstar "Death Rattle" {flame, Int+3}
rCold   . . .      Faith    .    (no shield)
rNeg    . . .      Spirit   .    (body armour unavailable)
rPois   .          Reflect  .    (helmet restricted)
rElec   .          Harm     .    (no cloak)
rCorr   .          Rampage  .    (no gloves)
Will    .....                    (no boots)
Stlth   ++                       (no amulet)
HPRegen 0.26/turn                (no ring)
MPRegen 0.12/turn                (no ring)

@: no status effects
A: AC +5, unfitting armour, cold-blooded
a: no special abilities


You were on level 3 of the Dungeon.
You visited 1 branch of the dungeon, and saw 4 of its levels.

You collected 145 gold pieces.

Inventory:

Hand Weapons
 k - the +3 morningstar "Death Rattle" (weapon) {flame, Int+3}
   (You found it on level 3 of the Dungeon)

   Int:       It affects your intelligence (+3).
Magical Staves
 b - a staff of air
 e - a staff of cold
Scrolls
 f - a scroll of identify
Potions
 a - a potion of magic
 d - 2 potions of curing
 g - 2 potions of degeneration
 h - a potion of cancellation {unknown}
 i - a potion of flight {unknown}


   Skills:
 + Level 0.7 Fighting
 + Level 0.2 Staves
 + Level 2.1 Dodging
 + Level 2.3 Stealth
 + Level 3.5 Spellcasting
 + Level 2.0 Conjurations
 + Level 4.8 Fire Magic


You had 8 spell levels left.
You knew the following spells:

 Your Spells              Type           Power      Damage    Failure   Level
a - Foxfire               Conj/Fire      72%        2x1d7     3%          1
b - Scorch                Fire           48%        2d7       2%          2

Your spell library contained the following spells:

 Spells                   Type           Power      Damage    Failure   Level
 Necrotise                Necr           12%        1d4       13%         1
 Inner Flame              Hex/Fire       14%        N/A       14%         3
 Kindle Blastsparks       Fire/Tloc/Air  20%        2d11      19%         3
 Flame Wave               Conj/Fire      18%        2d7       30%         4
 Vampiric Draining        Necr           3%         2d6       36%         3
 Agony                    Necr           3%         N/A       98%         5


Dungeon Overview and Level Annotations

Branches:
Dungeon (4/15)
 Temple: D:4-7

Altars:
Yredelemnul


Innate Abilities, Weirdness & Mutations

Your plain brown scales are hard. (AC +5)
You cannot fit into any form of body armour.
You are cold-blooded and may be slowed by cold attacks.


Message History

An orc comes into view. It is wielding a +0 trident.
The orc wizard gestures at you while chanting.
The magic dart hits you.
Casting: Scorch (safe; 2% risk of failure)
Confirm with . or Enter, or press ? or * to list all spells.
Flames lash the orc.
The orc is heavily wounded.
The orc's fire resistance burns away.
The endoplasm freezes you.
You are frozen.
The orc wizard hits you but does no damage.
You are electrocuted!
The dart slug launches a dart at you.
The slug dart hits you but does no damage.
The endoplasm freezes you.
You are frozen.
You feel yourself slow down. The orc wizard closely misses you.
You climb upwards.
There is a stone staircase leading down here.
The orc wizard is no longer more vulnerable to fire.
The endoplasm hits you.
The orc wizard gestures at you while chanting.
You resist with some effort.
You feel yourself speed up. The endoplasm closely misses you.
The endoplasm attacks as you move away! The endoplasm hits you.
Casting: Scorch (safe; 2% risk of failure)
Confirm with . or Enter, or press ? or * to list all spells.
Flames lash the endoplasm.
You kill the endoplasm!
Casting: Scorch (safe; 2% risk of failure)
Confirm with . or Enter, or press ? or * to list all spells.
Flames lash the orc wizard but do no damage.
The orc wizard casts a spell at you. You resist with some effort.
You barely miss the orc wizard.
The orc wizard is heavily wounded.
The orc wizard hits you with a +0 dagger of electrocution.
* * * LOW HITPOINT WARNING * * *
You are electrocuted!
You die...

###..#...........##.#.#
#......######..........
#.#..#....#...##.#....#
#......##...####.#..##.
###...)#########.#.....
#...>.[..............
##.#.#########.#.#### #)#o#
#.#.# # #.#@# #.#.# # #.#.#
#.#.# #.#[# #####.#.#
#.#.#####.......# #
####.#)............# #
#........###.......# ##
######..................###.
#.............#.#########...
#.##?#........#..#####....##


You could see an orc wizard.

Vanquished Creatures
  An ogre (D:3)
  A scorpion (D:3)
  4 adders
  A white imp (D:4)
  4 dart slugs
  6 orcs (D:3)
  2 endoplasms
  5 goblins
  6 hobgoblins
  2 jackals (D:2)
  5 kobolds
  4 quokkas
  3 ball pythons
  2 bats
  6 frilled lizards
  3 rats
55 creatures vanquished.

Vanquished Creatures (others)
  84 foxfires
  A plant (D:1)
85 creatures vanquished.

Grand Total: 140 creatures vanquished

Notes
Turn   | Place    | Note
-------+----------+-------------------------------------------
     0 | D:1      | Barriton the Draconian Fire Elementalist began the quest
                  | for the Orb.
     0 | D:1      | Reached XP level 1. HP: 14/14 MP: 3/3
   315 | D:1      | Reached XP level 2. HP: 20/20 MP: 0/5
   371 | D:1      | Learned a level 2 spell: Scorch
   872 | D:1      | Found a faded altar of an unknown god.
  1421 | D:2      | Reached XP level 3. HP: 26/26 MP: 3/6
  2162 | D:3      | Noticed a scorpion
  2168 | D:3      | Killed a scorpion
  2169 | D:3      | Reached skill level 4 in Fire Magic
  2169 | D:3      | Reached XP level 4. HP: 33/33 MP: 1/8
  2421 | D:3      | Found a basalt altar of Yredelemnul.
  2534 | D:3      | Identified the +3 morningstar "Death Rattle" {flame, Int+3}
  3033 | D:3      | Identified the +10 whip of the Owl {distort, *Corrode rPois
                  | Str+3 Dex+4}
  3342 | D:4      | Noticed an ogre
  3362 | D:3      | Reached XP level 5. HP: 9/39 MP: 2/9
  3362 | D:3      | Killed an ogre
  3584 | D:3      | Slain by an orc wizard

Illustrated notes

Levels and vault maps discovered:
D:1:      enne_arrival_octagon_isle, layout_basic,
          shapermc_ecumenical_altar_mp_urbaneastern
D:2:      minmay_chambers_of_ones, layout_basic
D:3:      minmay_general_purpose_star, layout_basic,
          mainiacjoe_overflow_tiny_flanked, chequers_serial_rivers_micro_b
D:4:      layout_rooms, gammafunk_ghost_gnarly_gnolls, st_stairs_13,
          uniq_blork_the_orc, uniq_natasha

Skill      XL: |  1  2  3  4  5 |
---------------+----------------+-----
Dodging        | 2 |  2.1
Stealth        | 2 |  2.3
Fire Magic     | 4 |  4.8
Spellcasting   | 3 |  3.5
Conjurations   | 2 |  2.0
Fighting       | |  0.7
Staves         | |  0.2

Action                     |  1- 3 |  4- 6 || total
---------------------------+-------+-------++-------
  Melee: Staff             |    22 |     3 ||    25
         Tailslap          |     4 |       ||     4
         Morningstar       |       |    16 ||    16
   Cast: Foxfire           |    49 |     6 ||    55
         Scorch            |    10 |    30 ||    40
    Use: Scroll            |     7 |     3 ||    10
         Potion            |       |     1 ||     1
 Armour: Skin              |     9 |    12 ||    21
  Dodge: Dodged            |    19 |    49 ||    68

Table legend: (Time is in decaauts)
 A = Elapsed time spent in this place.
 B = Non-inter-level travel time spent in this place.
 C = Inter-level travel time spent in this place.
 D = Time resting spent in this place.
 E = Time spent auto-exploring this place.
 F = Levels seen in this place.
 G = Mean time per level.
                   A        B        C        D        E       F      G
               +--------+--------+--------+--------+--------+-----+--------+
         Total |   3599 |   3413 |    186 |      0 |   2990 |   4 |  899.8 |
       Dungeon |   3599 |   3413 |    186 |      0 |   2990 |   4 |  899.8 |
               +--------+--------+--------+--------+--------+-----+--------+

Top non-repeatable levels by time:
     D:3: 1423 daAuts
     D:2: 1216 daAuts
     D:1: 944 daAuts
     D:4: 15 daAuts
